 Dungeon Crawl Stone Soup version 0.28-b1-25-g9875b3fc8c (webtiles) character file.

Game seed: 2862817926756701393

5 lordive the Conjurer (level 1, -1/10 HPs)
             Began as a Tengu Conjurer on Feb 1, 2022.
             Slain by a jackal (3 damage)
             ... on level 1 of the Dungeon.
             The game lasted 00:00:27 (50 turns).

lordive the Conjurer (Tengu Conjurer)                 Turns: 50, Time: 00:00:27

Health: -1/10      AC:  2    Str:  7    XL:     1   Next: 80%
Magic:  0/4        EV: 12    Int: 18    God:
Gold:   0          SH:  0    Dex: 12    Spells: 3/4 levels left

rFire   . . .      SeeInvis .   (no weapon)
rCold   . . .      Faith    .   (no shield)
rNeg    . . .      Spirit   .   a - +0 robe
rPois   .          Reflect  .   (helmet restricted)
rElec   .          Harm     .   (no cloak)
rCorr   .          Rampage  .   (no gloves)
Will    .....                   (boots unavailable)
Stlth   ++........              (no amulet)
HPRegen 0.03/turn               (no ring)
MPRegen 0.09/turn               (no ring)

@: no status effects
A: beak, talons 3
a: no special abilities


You were on level 1 of the Dungeon.
You visited 1 branch of the dungeon, and saw 1 of its levels.

Inventory:

Armour
 a - a +0 robe (worn)


   Skills:
 + Level 2.2 Dodging
 - Level 2.0 Stealth
 + Level 2.0 Spellcasting
 + Level 5.7 Conjurations


You had 3 spell levels left.
You knew the following spells:

 Your Spells              Type           Power      Damage    Failure   Level
a - Magic Dart            Conj           88%        1d7       1%          1

Your spell library contained the following spells:

 Spells                   Type           Power      Damage    Failure   Level
 Searing Ray              Conj           44%        2d6       2%          2
 Dazzling Flash           Conj/Hex       24%        N/A       17%         3
 Apportation              Tloc           2%         N/A       19%         1
 Sting                    Tmut/Pois      4%         1d3       19%         1
 Summon Small Mammal      Summ           4%         N/A       19%         1
 Fulminant Prism          Conj/Hex       6%         3d7       50%         4
 Iskenderun's Mystic Bla  Conj/Tloc      12%        2d5       50%         4


Dungeon Overview and Level Annotations

Branches:
Dungeon (1/15)

Altars:


Innate Abilities, Weirdness & Mutations

You have a beak for a mouth.
You have claws for feet.


Message History

Aiming: Magic Dart (safe; 1% risk of failure)
Press: ? - help, Shift-Dir - straight line, f/p - giant cockroach
Aim: a giant cockroach (almost dead, 100% to hit)
The magic dart hits the giant cockroach.
You kill the giant cockroach!
The bat misses you. The goblin barely misses you.
Unknown command.
The bat barely misses you.
Found a stone staircase leading down.
The bat hits you.
Unknown command.
The bat closely misses you. The bat misses you.
The bat barely misses you. 3 jackals come into view.
The jackal barks! x3
The bat completely misses you.
A jackal comes into view.
The jackal barks!
Casting: Magic Dart (safe; 1% risk of failure)
Confirm with . or Enter, or press ? or * to list all spells.
Aiming: Magic Dart (safe; 1% risk of failure)
Press: ? - help, Shift-Dir - straight line, f - jackal
Aim: a jackal (100% to hit)
The magic dart hits the jackal.
The jackal is almost dead.
You hear a shout!
You hear a bark! x2
The bat hits you. The bat hits you but does no damage.
You closely miss the bat. Your kick misses the bat.
You punch the bat, but do no damage. The bat closely misses you.
The jackal barely misses you.
A goblin comes into view. It is wielding a +0 club.
The bat barely misses you.
The goblin moves out of view.
You hit the bat. You claw the bat.
You kill the bat!
The jackal bites you.
* * * LOW HITPOINT WARNING * * *
You hit the goblin.
The goblin is moderately wounded.
The jackal closely misses you. The jackal bites you.
You die...

# #. ####g####
.....hhh# #@# .. ...
#g# ###.##.#.# #.#
##....#.#.# #.##
##..#....#.#
#..###..#.#...#.## #
#......#...#...... .##.
#.#####.....#####.
.....#..#?..........#..
#.....#.†.......#...


You could see 3 jackals and 2 goblins.

Vanquished Creatures
  A bat (D:1)
  An endoplasm (D:1)
  A giant cockroach (D:1)
  A goblin (D:1)
4 creatures vanquished.

Notes
Turn   | Place    | Note
-------+----------+-------------------------------------------
     0 | D:1      | lordive the Tengu Conjurer began the quest for the Orb.
     0 | D:1      | Reached XP level 1. HP: 10/10 MP: 4/4
     4 | D:1      | Got Fiulell's Introduction to Witchery
    50 | D:1      | Slain by a jackal

Illustrated notes

Levels and vault maps discovered:
D:1:      scummos_arrival_star, layout_loops_ring, nrook_loot_triangle

Action                   || total
-------------------------++-------
Melee: Unarmed           ||     7
       Kick              ||     2
       Peck              ||     1
       Punch             ||     1
 Cast: Magic Dart        ||     7
Armor: Robe              ||     5
Dodge: Dodged            ||    24
